 Dungeon Crawl Stone Soup version 0.32-a0-711-g016ad743e0 (webtiles) character file.

Game seed: 13384496886550012596

618 Potemkin the Trooper (level 7, 0/55 HPs)
             Began as a Human Fighter on Mar 15, 2024.
             Was a Follower of Makhleb.
             Slain by an ogre
             ... wielding a +0 giant club
              (28 damage)
             ... on level 5 of the Dungeon.
             The game lasted 00:07:09 (3104 turns).

Potemkin the Trooper (Human Fighter)                Turns: 3104, Time: 00:07:09

Health: 0/55       AC:  8    Str: 18    XL:     7   Next: 45%
Magic:  7/7        EV: 13    Int:  8    God:    Makhleb [*.....]
Gold:   161        SH:  5    Dex: 13    Spells: 6/6 levels left

rFire   . . .        a - +0 war axe
rCold   . . .        c - +0 buckler
rNeg    . . .        b - +0 scale mail
rPois   .            (no helmet)
rElec   .            (no cloak)
rCorr   .            (no gloves)
SInv    +            u - +0 pair of boots
Will    .....        x - amulet of regeneration Stlth
                     r - +5 ring of evasion
HPRegen 1.09/turn    t - ring of see invisible
MPRegen 0.10/turn

%: no passive effects
@: no status effects
A: explore regen
a: Renounce Religion


You were on level 5 of the Dungeon.
You worshipped Makhleb.
Makhleb was aware of your devotion.
You visited 1 branch of the dungeon, and saw 5 of its levels.

You collected 161 gold pieces.

Inventory:

Hand Weapons
 a - a +0 war axe (weapon)
Armour
 b - a +0 scale mail (worn)
 c - a +0 buckler (worn)
 u - a +0 pair of boots (worn)
Jewellery
 j - a +6 ring of intelligence
 k - a ring of magical power
 p - an amulet of guardian spirit
 r - a +5 ring of evasion (left hand)
 t - a ring of see invisible (right hand)
 v - a ring of poison resistance
 x - an amulet of regeneration (around neck)
Wands
 e - a wand of iceblast (4)
Scrolls
 g - a scroll of revelation {unknown}
 i - 2 scrolls of amnesia {unknown}
 n - a scroll of enchant weapon {unknown}
 s - a scroll of enchant armour {unknown}
 w - a scroll of fog {unknown}
 y - a scroll of butterflies {unknown}
 z - a scroll of immolation {unknown}
 A - 3 scrolls of poison {unknown}
Potions
 d - a potion of might
 f - a potion of cancellation {unknown}
 h - a potion of enlightenment
 l - a potion of degeneration {unknown}
 m - a potion of berserk rage {unknown}
 o - a potion of mutation {unknown}
 q - a potion of heal wounds {unknown}


   Skills:
 * Level 4.9 Fighting
 * Level 4.2 Axes
 * Level 4.9 Armour
 + Level 4.4 Shields
 + Level 1.2 Conjurations
 - Level 1.1 Invocations


You had 6 spell levels left.
You didn't know any spells.
Your spell library contained the following spells:

 Spells                   Type           Power      Damage    Failure   Level
 Foxfire                  Conj/Fire      0%         2x1d4     77%         1
 Call Imp                 Summ           0%         N/A       94%         2
 Sublimation of Blood     Necr           0%         N/A       94%         2
 Dazzling Flash           Conj/Hex       0%         N/A       98%         3
 Fugue of the Fallen      Necr           0%         N/A       99%         3
 Mephitic Cloud           Conj/Alch/Air  0%         N/A       99%         3
 Ozocubu's Armour         Ice            0%         N/A       99%         3
 Leda's Liquefaction      Alch/Erth      0%         N/A       100%        4
 Manifold Assault         Tloc           0%         N/A       100%        4
 Curse of Agony           Necr           0%         N/A       100%        5
 Lee's Rapid Deconstruct  Erth           0%         3d4*      100%        5
 Silence                  Hex/Air        0%         N/A       100%        5
 Permafrost Eruption      Ice/Erth       0%         2x4d2     100%        6
 Plasma Beam              Fire/Air       0%         2x1d10    100%        6
 Starburst                Conj/Fire      0%         6d3       100%        6
 Summon Hydra             Summ           0%         N/A       100%        7


Dungeon Overview and Level Annotations

Branches:
Dungeon (5/15) Zot: 26784
 Temple: D:4-7

Altars:
Makhleb


Innate Abilities, Weirdness & Mutations

You regain HP and MP as you explore.


Message History

You slash the orc wizard! You hit the jackal. You hit the adder.
The adder bites you but does no damage.
The orc wizard hits you but does no damage.
The ogre barely misses you.
The jackal bites you but does no damage.
The adder barely misses you.
The orc wizard hits you but does no damage.
The jackal barely misses you. x2
You hit the ogre but do no damage.
The ogre is severely wounded.
You hit the orc wizard.
You kill the orc wizard!
Makhleb accepts your kill.
You hit the jackal. You barely miss the jackal. You hit the jackal.
You kill the jackal!
Makhleb accepts your kill.
You feel better.
You barely miss the adder. The jackal closely misses you.
The adder bites you but does no damage. The ogre barely misses you.
You block the jackal's attack.
The jackal bites you but does no damage.
The adder barely misses you.
You hit the ogre.
The ogre is almost dead.
You closely miss the jackal. You completely miss the jackal.
You closely miss the adder. The jackal closely misses you.
You block the jackal's attack. You block the adder's attack.
The jackal bites you but does no damage.
The ogre hits you with a +0 giant club!
The jackal bites you but does no damage.
You hit the ogre.
The ogre is almost dead.
You closely miss the jackal. You barely miss the jackal. You slash the adder!
You kill the adder!
Makhleb accepts your kill.
The jackal bites you but does no damage.
The jackal barely misses you.
The jackal bites you but does no damage.
The ogre hits you with a +0 giant club!!
Ouch! That really hurt!
You die... #♣~........... #P♣~.....).## ~~≈~.P# .~~~........## ###♣ ~P~.~.# ..~~.........###.. .~~.~.# .♣~♣..........##.# ..~.. ........##....##.## oP..

.......###..>.....# ..#
........##.....h††##)##
....##.........h@O....#
....##...........)....#
.....#..............###
..............PP.....#
.........†...♣~♣...###
#........###.~~~~..#
..........##.~♣♣P.##
...........#..♣#########
.............# #.#...#.#


You could see an ogre and 2 jackals.

Vanquished Creatures
  A black bear (D:5)
  An ogre (D:5)
  A bullfrog (D:5)
  A scorpion (D:4)
  A bombardier beetle (D:4)
  A hound (D:4)
  A jelly (D:3)
  Ijyb (D:3)
  3 iguanas (D:5)
  An orc wizard (D:5)
  3 adders
  3 ribbon worms
  A dart slug (D:1)
  7 orcs
  9 ball pythons
  A bat (D:1)
  4 endoplasms
  3 giant cockroaches
  4 goblins
  5 hobgoblins
  5 jackals
  3 quokkas
  2 frilled lizards (D:3)
  7 kobolds
  6 rats
75 creatures vanquished.

Notes
Turn   | Place    | Note
-------+----------+-------------------------------------------
     0 | D:1      | Potemkin the Human Fighter began the quest for the Orb.
     0 | D:1      | Reached XP level 1. HP: 18/18 MP: 1/1
   117 | D:1      | Reached XP level 2. HP: 24/24 MP: 2/2
   372 | D:2      | Reached XP level 3. HP: 29/29 MP: 3/3
   530 | D:2      | Found a burning altar of Makhleb.
   564 | D:2      | Became a worshipper of Makhleb the Destroyer
   955 | D:2      | Reached XP level 4. HP: 18/35 MP: 4/4
  1352 | D:3      | Noticed Ijyb
  1363 | D:3      | Killed Ijyb
  1729 | D:3      | Reached XP level 5. HP: 37/42 MP: 5/5
  2103 | D:3      | Reached * piety under Makhleb
  2395 | D:4      | Reached skill level 1 in Invocations
  2395 | D:4      | Reached XP level 6. HP: 33/48 MP: 6/6
  2911 | D:5      | Entered Level 5 of the Dungeon
  3035 | D:5      | Noticed a black bear
  3043 | D:5      | Killed a black bear
  3044 | D:5      | Reached XP level 7. HP: 52/55 MP: 7/7
  3085 | D:5      | Reached skill level 1 in Conjurations
  3104 | D:5      | Slain by an ogre

Illustrated notes

Levels and vault maps discovered:
D:1:      sevenhm_arrival_forest_fort_small_3, layout_rooms
D:2:      layout_basic, basic_altar
D:3:      layout_loops_corners, minmay_misc_feat_plants,
          guppyfry_early_lair_pool, uniq_ijyb
D:4:      layout_loops_ring
D:5:      layout_cave_pools, serial_bayou, serial_bayou_shore_b,
          serial_bayou_lagoon_a, serial_bayou_pond_d, serial_bayou_pond_e,
          serial_bayou_pond_b, nicolae_shop_fire_sale [nicolae_sub_dead_trees]

Skill      XL: |  1  2  3  4  5  6  7 |
---------------+----------------------+-----
Axes           | 3 4 |  4.2
Fighting       | 4 |  4.9
Armour         | 4 |  4.9
Shields        | 4 |  4.4
Invocations    | 1 |  1.1
Conjurations   | 1 |  1.2

Action                     |  1- 3 |  4- 6 |  7- 9 || total
---------------------------+-------+-------+-------++-------
  Melee: War axe           |    75 |   138 |    24 ||   237
  Evoke: Wand              |       |       |     1 ||     1
    Use: Potion            |     2 |       |       ||     2
         Scroll            |       |     1 |       ||     1
 Armour: Scale mail        |    86 |    95 |    24 ||   205
  Dodge: Dodged            |    42 |   103 |    23 ||   168
  Block: Buckler           |    26 |    39 |     5 ||    70

Table legend: (Time is in decaauts)
 A = Elapsed time spent in this place.
 B = Non-inter-level travel time spent in this place.
 C = Inter-level travel time spent in this place.
 D = Time resting spent in this place.
 E = Time spent auto-exploring this place.
 F = Levels seen in this place.
 G = Mean time per level.
                   A        B        C        D        E       F      G
               +--------+--------+--------+--------+--------+-----+--------+
         Total |   3193 |   3112 |     81 |      0 |   1689 |   5 |  638.6 |
       Dungeon |   3193 |   3112 |     81 |      0 |   1689 |   5 |  638.6 |
               +--------+--------+--------+--------+--------+-----+--------+

Top non-repeatable levels by time:
     D:3: 1010 daAuts
     D:2: 997 daAuts
     D:4: 692 daAuts
     D:1: 278 daAuts
     D:5: 214 daAuts
